 Dungeon Crawl Stone Soup version 0.27.1-35-g4d5d836560 (webtiles) character file.

Game seed: 2691099863530507704

4606 tkbsonic5 the Ducker (level 10, -5/49 HPs)
             Began as a Spriggan Venom Mage on Nov 30, 2022.
             Was a Believer of Sif Muna.
             Slain by a boulder beetle (13 damage)
             ... on level 9 of the Dungeon on Dec 1, 2022.
             The game lasted 01:01:10 (13138 turns).

tkbsonic5 the Ducker (Spriggan Venom Mage)         Turns: 13138, Time: 01:01:10

Health: -5/49      AC:  4    Str:  8    XL:     10   Next: 19%
Magic:  21/21      EV: 21    Int: 20    God:    Sif Muna [**....]
Gold:   488        SH:  0    Dex: 16    Spells: 4/23 levels left

rFire    . . .     SeeInvis +   p - +3 double sword "Huenodav" {freeze, Str+4}
rCold    . . .     Faith    .   (shield currently unavailable)
rNeg     . . .     Spirit   .   a - +2 robe
rPois    .         Reflect  .   (helmet restricted)
rElec    .         Harm     .   q - scarf {shadows}
rCorr    +         Rampage  .   (gloves unavailable)
Will     +....                  (boots unavailable)
Stlth    ++........             (no amulet)
HPRegen  0.16/turn              z - ring of resist corrosion
MPRegen  0.17/turn              (no ring)

@: very quick
A: very small, no large weapons, unfitting armour, see invisible, speed 3
a: Renounce Religion, Channel Magic


You were on level 9 of the Dungeon.
You worshipped Sif Muna.
Sif Muna was pleased with you.
You visited 2 branches of the dungeon, and saw 11 of its levels.

You collected 488 gold pieces.

Inventory:

Hand Weapons
 e - a +3 shortbow
 o - a +2 spear of protection
 p - the +3 double sword "Huenodav" (weapon) {freeze, Str+4}
   (You acquired it on level 5 of the Dungeon)

   It freezes those it strikes, dealing additional cold damage.
   It can also slow down cold-blooded creatures.
   Str:       It affects your strength (+4).
 x - a +0 trident of venom
Missiles
 b - 17 bolts
 f - 293 arrows
 i - a throwing net
 k - 2 curare-tipped darts
 r - 53 poisoned darts
Armour
 a - a +2 robe (worn)
 q - a scarf of shadows (worn)
Jewellery
 s - a ring of ice
 z - a ring of resist corrosion (left hand)
Wands
 h - a wand of digging (8)
 A - a wand of charming (5)
Scrolls
 g - a scroll of teleportation
 v - a scroll of amnesia
Potions
 d - a potion of degeneration {unknown}
 j - a potion of brilliance
 l - a potion of curing
 m - a potion of flight
 n - a potion of haste {unknown}


   Skills:
 - Level 3.3 Fighting
 * Level 3.4 Bows
 * Level 7.3 Dodging
 * Level 3.4 Stealth
 * Level 7.0 Spellcasting
 * Level 2.6 Conjurations
 * Level 5.5 Translocations
 + Level 5.0 Transmutations
 * Level 4.7 Air Magic
 * Level 6.3 Poison Magic
 + Level 3.7 Invocations
 + Level 5.0 Evocations


You had 4 spell levels left.
You knew the following spells:

 Your Spells              Type           Power      Damage    Failure   Level
a - Sting                 Tmut/Pois      100%       1d8       1%          1
b - Poisonous Vapours     Pois/Air       58%        N/A       1%          2
c - Mephitic Cloud        Conj/Pois/Air  25%        N/A       4%          3
d - Olgreb's Toxic Radia  Pois           32%        N/A       7%          4
e - Teleport Other        Tloc           29%        N/A       2%          3
f - Gell's Gravitas       Tloc           14%        N/A       2%          3
g - Lesser Beckoning      Tloc           14%        N/A       2%          3

Your spell library contained the following spells:

 Spells                   Type           Power      Damage    Failure   Level


Dungeon Overview and Level Annotations

Branches:
Dungeon (10/15)            Temple (1/1) D:4             Orc (0/2) D:9
   Lair: D:8-11

Altars:
Ashenzari
Cheibriados
Dithmenos
Elyvilon
Fedhas
Gozag
Hepliaklqana
Kikubaaqudgha
Makhleb
Nemelex Xobeh
Okawaru
Qazlal
Ru
Sif Muna
Trog
Uskayaw
Vehumet
Wu Jian
Xom
Yredelemnul
Zin
The Shining One

Shops:
D:1 [(*   D:5 [   D:6 (


Innate Abilities, Weirdness & Mutations

You are very small and have problems with some larger weapons.
You are too small for most types of armour.
You have supernaturally acute eyesight. (SInv)
You cover ground extremely quickly. (Speed+++)


Message History

You hit the boulder beetle but do no damage.
The boulder beetle is severely wounded.
The boulder beetle barely misses you.
You riposte.
You hit the boulder beetle but do no damage.
The boulder beetle is severely wounded.
You hit the boulder beetle but do no damage.
The boulder beetle is severely wounded.
The boulder beetle bites you!!
The boulder beetle leaps!
Aiming: Paralyse
Press: ? - help, Q - select action, (/) - cycle Shift-Dir - straight line, f/p - boulder beetle
Aim: a boulder beetle (severely wounded, chance to affect: 43%)
The boulder beetle resists with some effort.
The now-empty wand crumbles to dust.
The boulder beetle leaps!
Okay, then.
Aiming: Charm
Press: ? - help, Shift-Dir - straight line, f/p - boulder beetle
Aim: a boulder beetle (severely wounded, chance to affect: 43%)
Okay, then.
You slash the boulder beetle! You freeze the boulder beetle.
The boulder beetle is almost dead.
The boulder beetle closely misses you.
You riposte.
You hit the boulder beetle. You freeze the boulder beetle.
The boulder beetle is almost dead.
You hit the boulder beetle but do no damage.
The boulder beetle is almost dead.
The boulder beetle closely misses you.
You riposte.
You hit the boulder beetle but do no damage.
The boulder beetle is almost dead.
The boulder beetle bites you!
You are too injured to fight recklessly!
You hit the boulder beetle but do no damage.
The boulder beetle is almost dead.
The boulder beetle bites you!
* * * LOW HITPOINT WARNING * * *
You hit the boulder beetle but do no damage.
The boulder beetle is almost dead.
The boulder beetle bites you!
You die...

#.)##.###.#.#.#..........#[..
#..##.# #.....#........#...#.
#..##.# ##.#..##.....#.......
#####..##.###.###.###...##.#.###.
.............#####.####.##.#.# #)
######.######.#.....# #.##.#.###.
#.# #......###.......... #.#
##B.....).###....... ##.##
#.@...##........... #...#
#...>.#.........### #####.#.#
#.....###.........# ........#
#.##### #.........### #########
#. #......)..... # #
#..........## # #..........# ##
#....>.....# .# #.........##


You could see a boulder beetle.

Vanquished Creatures
  An ugly thing (D:8)
  Prince Ribbit (D:8)
  A vampire (D:8)
  A wyvern (D:5)
  A steam dragon (D:9)
  2 wargs (D:9)
  A water moccasin (D:8)
  A sky beast (D:6)
  5 orc warriors
  A black bear (D:5)
  An ogre (D:7)
  A necrophage (D:5)
  5 centaurs
  A phantom (D:5)
  2 kobold brigands
  Blork the orc (D:6)
  4 bullfrogs
  8 scorpions
  A wyvern skeleton (D:7)
  5 killer bees (D:8)
  2 howler monkeys
  3 wights
  A bullfrog skeleton (D:5)
  A jelly (D:8)
  A centaur skeleton (D:4)
  2 iguanas
  4 orc wizards
  A hound skeleton (D:5)
  2 howler monkey zombies
  5 gnolls
  5 adders
  A howler monkey skeleton (D:7)
  A shadow imp (D:5)
  An ufetubus (D:6)
  2 worms
  7 dart slugs
  26 orcs
  11 ball pythons
  4 endoplasms (D:1)
  2 giant cockroaches (D:1)
  5 goblins
  7 hobgoblins
  3 jackals (D:1)
  21 kobolds
  2 quokkas
  13 bats
  4 frilled lizards
  4 rats (D:1)
185 creatures vanquished.

Vanquished Creatures (collateral kills)
  A centaur (D:9)
  A bullfrog (D:7)
  2 wights (D:9)
4 creatures vanquished.

Vanquished Creatures (others)
  2 wights (D:7)
  15 fungi (D:4)
  A plant (D:6)
18 creatures vanquished.

Grand Total: 207 creatures vanquished

Notes
Turn   | Place    | Note
-------+----------+-------------------------------------------
     0 | D:1      | tkbsonic5 the Spriggan Venom Mage began the quest for the
                  | Orb.
     0 | D:1      | Reached XP level 1. HP: 9/9 MP: 5/5
   175 | D:1      | Reached XP level 2. HP: 13/13 MP: 1/7
   178 | D:1      | Learned a level 2 spell: Poisonous Vapours
   888 | D:1      | Found Sywi's Assorted Antiques.
  1017 | D:1      | Reached XP level 3. HP: 16/16 MP: 1/8
  1505 | D:1      | Learned a level 3 spell: Mephitic Cloud
  1652 | D:1      | Found Upagel's Antique Weapon Boutique.
  1710 | D:1      | Found Begarum's Armour Emporium.
  2072 | D:2      | Found a basalt altar of Yredelemnul.
  2221 | D:2      | Found a faded altar of an unknown god.
  2458 | D:2      | Reached XP level 4. HP: 21/21 MP: 5/10
  2476 | D:2      | Reached skill level 1 in Air Magic
  2666 | D:2      | Found an iron altar of Okawaru.
  4457 | D:3      | Reached XP level 5. HP: 25/25 MP: 1/11
  4462 | D:3      | Reached skill level 1 in Fighting
  5122 | D:4      | Found a staircase to the Ecumenical Temple.
  5130 | Temple   | Entered the Ecumenical Temple
  5583 | Temple   | Became a worshipper of Sif Muna the Loreminder
  6083 | D:4      | Reached skill level 1 in Evocations
  6083 | D:4      | Reached XP level 6. HP: 30/30 MP: 3/13
  6222 | D:4      | Learned a level 4 spell: Olgreb's Toxic Radiance
  6317 | D:4      | Reached skill level 1 in Conjurations
  6329 | D:4      | Reached XP level 7. HP: 22/33 MP: 5/14
  6418 | D:4      | Found the +7 Singing Sword {vorpal, sonic wave}
  6665 | D:5      | Entered Level 5 of the Dungeon
  6952 | D:5      | Identified a scroll of acquirement
  6952 | D:5      | Acquired the +3 double sword "Huenodav" {freeze, Str+4}
  6996 | D:5      | Reached * piety under Sif Muna
  7001 | D:5      | Noticed a wyvern
  7134 | D:5      | Reached skill level 5 in Dodging
  7134 | D:5      | Reached skill level 5 in Spellcasting
  7216 | D:5      | Found a white marble altar of Elyvilon.
  7221 | D:5      | Found an ornate altar of the Wu Jian Council.
  7221 | D:5      | Found a blossoming altar of Fedhas.
  7275 | D:5      | Learned a level 3 spell: Teleport Other
  7466 | D:5      | Found Ide Tolargh's Armour Emporium.
  7603 | D:5      | Killed a wyvern
  7604 | D:5      | Reached skill level 1 in Translocations
  7604 | D:5      | Reached skill level 1 in Invocations
  7604 | D:5      | Reached XP level 8. HP: 39/39 MP: 7/16
  7607 | D:5      | Reached skill level 5 in Poison Magic
  8085 | D:5      | Learned a level 3 spell: Gell's Gravitas
  8129 | D:6      | Found Vaw Buirgh's Hydra Hut.
  8131 | D:6      | Noticed an eight-headed hydra
  8223 | D:6      | Found a radiant altar of Vehumet.
  8226 | D:6      | Noticed Blork the orc
  8248 | D:6      | Killed Blork the orc
  8390 | D:6      | Identified the +0 great sword "Ginkys Pifu" {vorpal, +Rage
                  | rCorr Int+5 Stlth-}
  9395 | D:7      | Reached XP level 9. HP: 31/43 MP: 1/18
  9697 | D:7      | Reached skill level 1 in Bows
 10783 | D:8      | Reached ** piety under Sif Muna
 11092 | D:8      | Noticed Prince Ribbit
 11106 | D:8      | Killed Prince Ribbit
 11552 | D:8      | Learned a level 3 spell: Lesser Beckoning
 11703 | D:9      | Reached skill level 5 in Translocations
 11705 | D:9      | Noticed a green ugly thing
 11811 | D:8      | Killed a green ugly thing
 11812 | D:8      | Reached XP level 10. HP: 18/49 MP: 21/21
 12059 | D:9      | Noticed a boulder beetle
 12609 | D:9      | Reached skill level 5 in Transmutations
 12778 | D:9      | Found a staircase to the Orcish Mines.
 12807 | D:9      | Reached skill level 5 in Evocations
 12820 | D:10     | Entered Level 10 of the Dungeon
 13138 | D:9      | Slain by a boulder beetle

Illustrated notes

Levels and vault maps discovered:
D:1:      minmay_arrival_glassed_features, layout_loops_cross, serial_shops,
          nicolae_shop_waterfront, shop_statue, shop, minmay_surrounded
D:2:      layout_loops_cross, shapermc_ecumenical_altar_starsandcircs,
          basic_altar, amcnicky_mini_rare_corridor_liquid,
          minmay_strange_pillars, minmay_hexomino_r4
D:3:      layout_basic, serial_forest, infiniplex_forest_lined_3,
          infiniplex_forest_lined_3, infiniplex_forest_clump_tiny,
          infiniplex_forest_straight_5, infiniplex_forest_clump_medium,
          infiniplex_forest_pool, infiniplex_forest_lined_1,
          infiniplex_forest_straight_1, infiniplex_forest_clump_curved,
          minmay_door_square, st_stairs_1
D:4:      old_forge, layout_gridville, minmay_temple_entry_fiery
D:5:      layout_basic, nicolae_overflow_hidden_temple, serial_shops,
          nicolae_shop_trees, kb_lookout_dungeons_type
D:6:      layout_basic, mainiacjoe_overflow_alcove_2,
          chequers_serial_rivers_micro_d, doesnt_shop_hydraphobe,
          uniq_blork_the_orc
D:7:      layout_basic, eino_small_chamber_without_monster
D:8:      layout_cave_pools, nzn_life_drinkers, uniq_prince_ribbit1
D:9:      layout_loops_ring, david_orc_3
D:10:     layout_cave_pools, gammafunk_ghost_icy, chequers_mini_garden,
          minmay_curled_crystal
Temple:   hc_temple_tempest_star

Skill      XL: |  1  2  3  4  5  6  7  8  9 10 |
---------------+-------------------------------+-----
Dodging        | 3 4 5 6 7 |  7.3
Spellcasting   | 3 4 5 6 7 |  7.0
Transmutations | 2 3 4 5 |  5.0
Air Magic      | 1 2 3 4 |  4.7
Fighting       | 1 2 3 |  3.3
Poison Magic   | 4 5 6 |  6.3
Evocations     | 1 2 3 4 5 |  5.0
Conjurations   | 1 2 |  2.6
Translocations | 1 3 5 |  5.5
Invocations    | 1 2 3 |  3.7
Bows           | 3 |  3.4
Stealth        | |  3.4

Action                   |  1- 3 |  4- 6 |  7- 9 | 10-12 || total
-------------------------+-------+-------+-------+-------++-------
Melee: Whip              |    21 |     2 |       |       ||    23
       Spear             |       |    78 |    17 |       ||    95
       Double sword      |       |       |    82 |    25 ||   107
 Fire: Shortbow          |       |       |    58 |    41 ||    99
Throw: Dart              |       |       |     2 |       ||     2
       Throwing net      |       |       |     2 |       ||     2
       Boomerang         |       |       |     1 |       ||     1
 Cast: Sting             |    24 |     4 |     9 |       ||    37
       Poisonous Vapours |    49 |    60 |    57 |     7 ||   173
       Mephitic Cloud    |       |     8 |    23 |     5 ||    36
       Olgreb's Toxic Ra |       |       |     7 |     4 ||    11
       Teleport Other    |       |       |       |     1 ||     1
Invok: Channel Magic     |       |       |     2 |       ||     2
Evoke: Wand              |       |       |    21 |     9 ||    30
  Use: Scroll            |       |     9 |    15 |     1 ||    25
       Potion            |       |     1 |     4 |     1 ||     6
 Stab: Sleeping          |       |     2 |     2 |       ||     4
       Paralysed         |       |       |     6 |    12 ||    18
       Confused          |       |       |     2 |       ||     2
Armor: Robe              |     1 |     4 |    14 |     1 ||    20
Dodge: Dodged            |    19 |    43 |   129 |    29 ||   220
       Rpst.: Double sword |       |       |    27 |     7 ||    34
